Map: 이터널 엠파이어 - 래더

Players

Zest - Winner!

  • Race: Protoss Protoss
  • Spawn Location: 7:00

SKillous

  • Race: Protoss Protoss
  • League: Master
  • Spawn Location: 1:00

VOD

Have the link to the VOD?

Description

Time

  • Played on: Jan. 6, 2020, 8:08 p.m.
  • Length: 3:18
Show
View Real Time Build Order
Export as new Build Order

Zest Protoss - Winner!

Build Orders:  

Get SALT Encoding   

  12  0:00  Probe  
  13  0:13  Probe  
  14  0:18  Pylon  
  14  0:25  Probe (Chrono Boost)  
  15  0:37  Probe (Chrono Boost), Gateway  
  16  0:44  Probe (Chrono Boost)  
  16  0:47  Assimilator  
  17  0:51  Probe  
  17  0:55  Assimilator  
  18  1:03  Probe (Chrono Boost)  
  19  1:07  Gateway  
  19  1:13  Probe (Chrono Boost)  
  19  1:18  Probe (Chrono Boost)  
  20  1:24  Cybernetics Core  
  21  1:29  Probe  
  22  1:37  Pylon  
  22  1:49  Forge  
  22  1:57  Pylon  
  22  2:00  Adept (Chrono Boost)  
  26  2:15  Adept (Chrono Boost)  
  26  2:18  Shield Battery  
  26  2:25  Photon Cannon  
  26  2:38  Photon Cannon  
  23  2:56  Photon Cannon  
  23  3:06  Shield Battery  
  23  3:12  Robotics Facility  
Show
View Real Time Build Order
Export as new Build Order

SKillous Protoss 

Build Orders:  

Get SALT Encoding   

  12  0:01  Probe  
  13  0:13  Probe  
  14  0:25  Probe  
  15  0:47  Pylon  
  15  1:05  Probe, Gateway  
  15  1:06  Gateway  
  15  1:08  Forge  
  16  1:19  Pylon  
  16  1:23  Pylon  
  16  1:28  Probe  
  17  1:40  Pylon  
  17  1:43  Photon Cannon  
  17  1:44  Photon Cannon  
  17  1:52  Zealot (Chrono Boost)  
  19  1:54  Zealot (Chrono Boost)  
  21  2:09  Zealot (Chrono Boost)  
  25  2:19  Zealot (Chrono Boost)  
  25  2:23  Pylon  
  25  2:27  Zealot (Chrono Boost)  
  25  2:39  Zealot  
  25  2:44  Photon Cannon  
  25  2:49  Photon Cannon  
  23  2:54  Probe  
  25  3:06  Probe  
Tags
 
Add a new tag
Caveats
  • Supply blocks, unpowered buildings, or Contaminate may cause inaccurate times.
  • Supply counts are checked every 10 seconds.